Map: Abyssal Reef LE

Players

marinekinG

  • Race: Terran Terran
  • League: Master
  • Spawn Location: 11:00

TrashPanda - Winner!

  • Race: Terran Terran
  • League: Grandmaster
  • Spawn Location: 5:00

VOD

Have the link to the VOD?

Description

Time

  • Played on: Oct. 10, 2017, 5:09 a.m.
  • Length: 12:19
Show
View Real Time Build Order
Export as new Build Order

marinekinG Terran 

Build Orders: Reaper Expand, MMM Bio 

Get SALT Encoding   

  12  0:00  SCV  
  13  0:13  SCV  
  14  0:17  Supply Depot  
  14  0:25  SCV  
  15  0:38  SCV  
  15  0:40  Barracks  
  16  0:44  Refinery  
  16  0:51  SCV  
  17  1:03  SCV  
  18  1:15  SCV  
  19  1:28  Orbital Command  
  19  1:29  Reaper  
  20  1:41  Command Center  
  20  1:51  Barracks  
  20  1:56  SCV  
  21  2:04  Supply Depot  
  21  2:05  Reaper  
  22  2:09  SCV  
  23  2:18  Barracks  
  23  2:25  SCV  
  23  2:27  Refinery  
  24  2:38  SCV  
  24  2:40  Factory  
  24  2:41  Barracks Tech Lab  
  25  2:48  Marine  
  27  2:51  SCV  
  27  2:55  Orbital Command  
  27  3:01  Stimpack  
  27  3:04  Marine  
  28  3:08  SCV  
  28  3:09  Marine  
  30  3:12  Marine  
  31  3:20  SCV  
  31  3:21  SCV, Marine  
  34  3:29  Starport  
  34  3:30  Factory Reactor  
  34  3:33  Marine  
  35  3:34  Marine  
  35  3:38  SCV  
  35  3:39  Marine  
  35  3:40  SCV  
  39  3:52  SCV x2, Refinery  
  39  3:53  Supply Depot  
  41  3:57  Marine x2  
  41  4:02  Marine  
  44  4:05  Engineering Bay  
  44  4:08  Supply Depot  
  44  4:18  Medivac x2  
  44  4:21  SCV x2  
  49  4:31  Marine x3  
  50  4:32  Factory Tech Lab  
  50  4:38  Terran Infantry Weapons Level 1  
  52  4:40  Missile Turret  
  52  4:47  Supply Depot  
  52  4:48  SCV x2  
  52  4:52  Marine x3  
  57  4:59  Siege Tank  
  60  5:07  SCV x2  
  61  5:09  Combat Shields  
  62  5:16  Marine x2  
  62  5:17  Marauder  
  66  5:23  Supply Depot  
  66  5:24  Medivac  
  66  5:26  Supply Depot  
  66  5:27  SCV x2  
  69  5:48  Supply Depot  
  64  5:57  Marine x2  
  64  5:58  Marauder  
  64  6:00  Viking  
  64  6:01  Viking  
  64  6:04  SCV x2  
  72  6:05  Command Center  
  72  6:07  Supply Depot  
  72  6:08  Refinery  
  72  6:14  Siege Tank  
  75  6:19  Supply Depot  
  71  6:32  Marine, Marauder  
  74  6:35  Marine  
  66  6:47  SCV x2  
  66  6:49  Concussive Shells  
  66  6:54  Marauder  
  70  6:56  Barracks x2  
  70  6:57  Barracks, Siege Tank  
  70  6:59  SCV, Supply Depot  
  75  7:01  SCV  
  69  7:12  SCV  
  69  7:13  Barracks Reactor, Barracks Tech Lab  
  70  7:18  Terran Infantry Armor Level 1  
  70  7:20  Armory x2  
  70  7:23  SCV  
  70  7:24  Engineering Bay, Factory  
  57  7:45  Medivac x2  
  57  7:48  SCV x2  
  59  7:57  Siege Tank  
  59  7:58  Barracks Tech Lab x2  
  62  8:00  Command Center  
  62  8:02  Barracks Tech Lab  
  62  8:12  Orbital Command  
  58  8:15  SCV x2  
  58  8:19  Sensor Tower  
  60  8:20  Medivac x2  
  60  8:21  Marine  
  65  8:30  Marine x2  
  65  8:31  Marauder  
  65  8:32  Siege Tank  
  72  8:38  SCV x3  
  75  8:47  Marine x3  
  80  8:48  Marauder  
  80  8:51  SCV x2  
  80  8:53  SCV  
  83  8:57  Marine, Marauder  
  83  8:58  Orbital Command  
  83  9:01  Marine  
  87  9:06  Marauder  
  87  9:09  Marine  
  83  9:10  Marine x2  
  83  9:14  Orbital Command  
  85  9:19  Marauder  
  85  9:20  Marine, Marauder  
  89  9:27  Siege Tank  
  89  9:30  Marine, Marauder  
  97  9:31  Marauder  
  97  9:32  Orbital Command  
  97  9:40  Marine  
  97  9:41  Marauder  
  91  9:48  Marine x2, Medivac x2  
  91  9:49  Marauder  
  91  9:52  Marine  
  99  10:00  Marine  
  99  10:01  Marine, Marauder  
  99  10:03  SCV x3  
  107  10:07  Marine, Marauder  
  107  10:10  Marauder  
  107  10:13  Marine  
  105  10:18  Marine  
  105  10:20  Marauder  
  105  10:21  Siege Tank  
  105  10:22  Marauder  
  105  10:26  SCV x2  
  105  10:27  SCV  
  109  10:30  Marine  
  109  10:31  Marauder  
  111  10:43  Marine  
  111  10:44  Marine, Marauder  
  111  10:45  Marauder  
  111  10:46  Marine  
  111  10:48  Marine  
  117  10:52  Marauder, Medivac  
  115  11:03  Marine, Marauder  
  118  11:04  Marauder  
  118  11:05  Marauder  
  115  11:12  Marine  
  115  11:13  Marauder  
  106  11:18  Marine  
  106  11:20  Siege Tank  
  106  11:24  Marauder  
  94  11:33  Marine  
  94  11:34  Marauder  
  94  11:35  Orbital Command  
  62  11:48  Marauder  
  62  11:49  Marauder  
  55  11:57  SCV  
Show
View Real Time Build Order
Export as new Build Order

TrashPanda Terran - Winner!

Build Orders: Cyclone Opening, Reaper Expand, Mech 

Get SALT Encoding   

  12  0:01  SCV  
  13  0:13  SCV  
  14  0:17  Supply Depot  
  14  0:25  SCV  
  15  0:30  Refinery  
  15  0:39  SCV  
  16  0:46  Barracks  
  16  0:51  SCV  
  17  1:03  SCV  
  18  1:15  SCV  
  19  1:33  Orbital Command  
  19  1:34  Reaper  
  20  1:47  Command Center  
  20  1:58  Factory  
  20  2:01  SCV  
  20  2:06  Reaper  
  23  2:15  SCV  
  23  2:16  Supply Depot  
  23  2:21  Refinery  
  23  2:38  SCV  
  24  2:44  Cyclone  
  24  2:50  SCV  
  28  2:53  Barracks Reactor  
  28  3:00  Orbital Command  
  28  3:02  SCV  
  29  3:13  Starport  
  29  3:14  SCV  
  29  3:16  Engineering Bay  
  30  3:22  Supply Depot  
  30  3:26  SCV x2  
  32  3:38  SCV x2, Refinery  
  32  3:39  Hellion, Barracks Tech Lab  
  36  3:50  Cyclone  
  36  3:52  SCV  
  36  3:53  SCV  
  41  4:02  Missile Turret  
  41  4:05  Hellion  
  41  4:09  Raven  
  45  4:12  SCV  
  45  4:13  SCV  
  45  4:17  Supply Depot  
  47  4:30  SCV x2  
  47  4:31  Hellion  
  47  4:32  Hellion  
  51  4:41  Command Center  
  51  4:42  SCV x2  
  53  4:52  Raven  
  55  4:54  SCV x2  
  57  5:04  Supply Depot  
  57  5:06  SCV x2, Supply Depot  
  59  5:07  Barracks Reactor  
  59  5:11  Factory  
  59  5:12  Hellion  
  61  5:14  Factory  
  61  5:23  SCV, Refinery  
  61  5:26  SCV, Hellion  
  65  5:35  SCV  
  66  5:36  Supply Depot  
  66  5:38  SCV  
  65  5:55  SCV x2  
  63  6:06  Factory Tech Lab  
  63  6:07  SCV x2  
  63  6:09  Hellion x2, Siege Tank  
  72  6:12  Orbital Command  
  72  6:19  SCV  
  72  6:23  SCV  
  72  6:25  Viking x2  
  78  6:27  Siege Tank  
  78  6:31  SCV, Supply Depot  
  82  6:33  Supply Depot  
  75  6:43  SCV  
  72  6:48  Hellion, Siege Tank  
  72  6:49  Hellion  
  72  6:53  Orbital Command, SCV  
  80  6:55  SCV  
  80  6:57  Missile Turret  
  80  6:59  Missile Turret x2  
  81  7:05  Siege Tank  
  84  7:10  SCV x2, Hellion  
  88  7:19  SCV  
  88  7:21  Refinery  
  88  7:22  SCV x2, Missile Turret  
  91  7:24  Viking x2  
  91  7:25  Refinery  
  95  7:30  Hellion, Siege Tank  
  95  7:31  SCV  
  99  7:42  Hellion, Siege Tank  
  94  7:47  SCV x2  
  94  7:48  SCV  
  97  7:52  Armory  
  97  7:53  Armory  
  97  7:56  Factory  
  97  7:57  Factory  
  97  7:58  Hellion, Viking x2  
  103  8:11  SCV x3  
  104  8:14  Hellion, Siege Tank  
  104  8:15  Infernal Pre-Igniter  
  104  8:19  Supply Depot x2  
  109  8:20  Supply Depot  
  109  8:31  Supply Depot  
  109  8:33  Supply Depot  
  109  8:34  Supply Depot  
  109  8:41  SCV x3, Hellion  
  114  8:43  Terran Vehicle And Ship Armor Level 1, Terran Vehicle Weapons Level 1, Factory Tech Lab, Factory Reactor  
  114  8:46  Siege Tank  
  117  8:54  Hellion x2  
  121  9:02  Siege Tank  
  119  9:10  Siege Tank  
  119  9:14  SCV x2  
  119  9:16  Hellion x2  
  128  9:17  SCV  
  128  9:22  Supply Depot  
  128  9:24  Supply Depot  
  129  9:26  Supply Depot  
  129  9:30  Hellion, Siege Tank  
  126  9:55  Hellion x2, Siege Tank  
  126  10:06  Hellion x2, Siege Tank  
  124  10:11  Orbital Command  
  115  10:16  Hellion, Siege Tank  
  115  10:17  Hellion  
  115  10:18  Hellion x5  
  120  10:29  Hellion, Siege Tank  
  120  10:32  Command Center  
  125  10:47  Siege Tank  
  125  10:48  Hellion x4  
  134  11:01  Hellion, Siege Tank  
  139  11:09  Hellion x3  
  144  11:24  Siege Tank  
  144  11:25  Hellion x2  
  123  11:40  Siege Tank  
  123  11:41  Hellion x2  
  118  11:49  SCV, Hellion x2  
  118  11:50  SCV  
  118  11:53  Refinery  
  126  12:03  Refinery  
Tags
 
Add a new tag
Caveats
  • Supply blocks, unpowered buildings, or Contaminate may cause inaccurate times.
  • Supply counts are checked every 10 seconds.